 Dungeon Crawl Stone Soup version 0.23.2-1-ga50397a (webtiles) character file.

Game seed: 3047986949654406505

1031 aefrtyi the Magician (level 8, -4/66 HPs)
             Began as a White Draconian Air Elementalist on May 31, 2019.
             Was an Initiate of Vehumet.
             Slain by an orc warrior
             ... wielding a +0 halberd
              (19 damage)
             ... on level 6 of the Dungeon.
             The game lasted 00:33:13 (7625 turns).

aefrtyi the Magician (DrAE)                         Turns: 7625, Time: 00:33:14

Health: -4/66      AC:  8    Str: 10    XL:     8   Next: 3%
Magic:  4/16       EV: 12    Int: 17    God:    Vehumet [......]
Gold:   258        SH:  0    Dex: 13    Spells: 12/18 levels left

rFire    . . .     SeeInvis .   p - +3 quarterstaff (chaos)
rCold    + . .     Gourm    .   (shield currently unavailable)
rNeg     . . .     Faith    .   (armour unavailable)
rPois    .         Spirit   .   u - +1 hat
rElec    .         Reflect  .   s - +0 cloak
rCorr    .         Harm     .   (no gloves)
MR       .....                  (no boots)
Stlth    ++........             (no amulet)
HPRegen  0.21/turn              (no ring)
MPRegen  0.15/turn              (no ring)

@: no status effects
A: breathe frost, unfitting armour, cold resistance 1, cold-blooded, AC +6
a: Breathe Frost, Renounce Religion


You were on level 6 of the Dungeon.
You worshipped Vehumet.
Vehumet was noncommittal.
You were not hungry.

You visited 2 branches of the dungeon, and saw 7 of its levels.

You collected 258 gold pieces.

Inventory:

Hand Weapons
 f - a +2 short sword of freezing
 p - a +3 quarterstaff of chaos (weapon)
Armour
 s - a +0 cloak (worn)
 u - a +1 hat (worn)
Jewellery
 t - an uncursed ring of ice {unknown}
Wands
 o - a wand of digging (5)
 v - a wand of acid (4)
 y - a wand of paralysis (9)
Scrolls
 d - a scroll of noise {unknown}
 h - a scroll of blinking {unknown}
 i - 3 scrolls of remove curse {unknown}
 l - 2 scrolls of teleportation {unknown}
 n - a scroll of enchant armour {unknown}
 q - 2 scrolls of identify {unknown}
 r - 2 scrolls of magic mapping {unknown}
 w - a scroll of enchant weapon {unknown}
Potions
 a - 4 potions of heal wounds {unknown}
 c - a potion of magic {unknown}
 e - 4 potions of curing
 g - 5 potions of lignification {unknown}
 j - a potion of berserk rage {unknown}
 k - a potion of flight {unknown}
 m - 3 potions of might {unknown}
 x - a potion of brilliance {unknown}
 z - a potion of haste {unknown}
Comestibles
 b - 5 rations


   Skills:
 + Level 4.0 Fighting
 - Level 1.7 Dodging
 - Level 3.0 Stealth
 * Level 5.6 Spellcasting
 + Level 3.9 Conjurations
 + Level 4.9 Air Magic


You had 12 spell levels left.
You knew the following spells:

 Your Spells              Type           Power        Failure   Level  Hunger
a - Shock                 Conj/Air       ###.         2%          1    None
b - Swiftness             Chrm/Air       ##......     8%          2    #......
c - Static Discharge      Conj/Air       ###.....     6%          3    ##.....

Your spell library contained the following spells:

 Spells                   Type           Power        Failure   Level  Hunger
 Magic Dart               Conj           ###.         2%          1    None
 Mephitic Cloud           Conj/Pois/Air  ##......     12%         3    ##.....
 Animate Skeleton         Necr           N/A          14%         1    None
 Apportation              Tloc           #.....       14%         1    None
 Confusing Touch          Hex            #.....       14%         1    None
 Summon Small Mammal      Summ           #...         14%         1    None
 Airstrike                Air            ###.......   17%         4    ####...
 Conjure Flame            Conj/Fire      ##......     19%         3    ##.....
 Blink                    Tloc           N/A          21%         2    #......
 Call Imp                 Summ           #.......     21%         2    #......
 Slow                     Hex            #.......     21%         2    #......
 Lightning Bolt           Conj/Air       ###.......   52%         5    ######.


Dungeon Overview and Level Annotations

Branches:
Dungeon (6/15)             Temple (1/1) D:5

Altars:
Ashenzari
Cheibriados
Dithmenos
Elyvilon
Fedhas
Gozag
Hepliaklqana
Kikubaaqudgha
Makhleb
Nemelex Xobeh
Okawaru
Qazlal
Ru
Sif Muna
Trog
Uskayaw
Vehumet
Wu Jian
Xom
Yredelemnul
Zin
The Shining One


Innate Abilities, Weirdness & Mutations

You can breathe waves of freezing cold.
You can buffet flying creatures when you breathe cold.
Your icy white scales are hard. (AC +6)
You cannot fit into any form of body armour.
Your flesh is cold resistant. (rC+)
You are cold-blooded and may be slowed by cold attacks.


Message History

The centaur shoots an arrow.
The arrow closely misses you.
The orc warrior hits you from afar with a +0 halberd!
The adder barely misses you.
Casting: Shock (safe; 2% risk of failure)
Confirm with . or Enter, or press ? or * to list all spells.
The adder is struck by an arc of lightning.
The adder is moderately wounded.
The centaur is struck by an arc of lightning.
The centaur is moderately wounded.
The lightning grounds out.
The orc warrior hits you from afar with a +0 halberd!!
* * * LOW HITPOINT WARNING * * *
The adder closely misses you.
Casting: Static Discharge (safe; 6% risk of failure)
Confirm with . or Enter, or press ? or * to list all spells.
The adder is struck by an arc of lightning!
The adder is almost dead.
The lightning grounds out.
The adder bites you but does no damage.
The orc warrior hits you from afar with a +0 halberd!!
You die...

.. .....#.$..
.##....#... .
......... ..
.......#...
..........
.†.....##
#Sc.....# #@#
.....o†#.......
.....o. .......
.....## ......#
..... ..(....
.... ......#
... ...>... #..
.......


You could see an orc warrior, a centaur, an orc priest and an adder.

Vanquished Creatures
  A phantom (D:4)
  An ogre (D:4)
  Blork the orc (D:5)
  A scorpion (D:5)
  A water moccasin skeleton (D:5)
  Crazy Yiuf (D:2)
  2 orc wizards
  6 orc priests
  A centaur skeleton (D:5)
  2 worker ants (D:4)
  Natasha (thrice) (D:2)
  An iguana (D:4)
  Ijyb (D:3)
  Terence (D:2)
  Robin (D:2)
  4 adders
  An ooze (D:2)
  5 worms
  3 dart slugs
  3 leopard geckos
  20 orcs
  10 bats
  4 giant cockroaches
  2 gnoll zombies (D:5)
  14 goblins
  10 hobgoblins
  11 jackals
  2 quokkas
  2 ball pythons
  6 frilled lizards
  11 kobolds
  7 rats
  A fungus (D:1)
140 creatures vanquished.

Vanquished Creatures (others)
  A fungus (D:2)
1 creature vanquished.

Grand Total: 141 creatures vanquished

Notes
Turn   | Place    | Note
-------+----------+-------------------------------------------
     0 | D:1      | aefrtyi the Draconian Air Elementalist began the quest for
                  | the Orb.
     0 | D:1      | Reached XP level 1. HP: 14/14 MP: 3/3
   321 | D:1      | Reached XP level 2. HP: 22/22 MP: 3/5
   702 | D:1      | Reached skill level 1 in Fighting
  1134 | D:1      | Reached XP level 3. HP: 28/28 MP: 3/6
  1350 | D:2      | Noticed Natasha
  1363 | D:2      | Killed Natasha
  1444 | D:2      | Found a runed translucent door.
  1445 | D:2      | Noticed Crazy Yiuf
  1535 | D:2      | Noticed Robin
  1571 | D:2      | Killed Robin
  1571 | D:2      | Reached XP level 4. HP: 35/35 MP: 0/8
  1583 | D:2      | Reached skill level 3 in Spellcasting
  1714 | D:2      | Noticed Natasha
  1752 | D:1      | Learned a level 2 spell: Swiftness
  1756 | D:1      | Learned a level 3 spell: Static Discharge
  1775 | D:2      | Noticed Terence
  1799 | D:2      | Killed Natasha
  2077 | D:2      | Noticed Natasha
  2085 | D:2      | Killed Natasha
  2085 | D:2      | Reached XP level 5. HP: 21/41 MP: 7/9
  2101 | D:2      | Killed Terence
  3007 | D:2      | Found a glowing golden altar of the Shining One.
  3369 | D:3      | Reached XP level 6. HP: 48/48 MP: 7/11
  3810 | D:3      | Noticed Ijyb
  3833 | D:3      | Killed Ijyb
  3833 | D:3      | Reached skill level 4 in Spellcasting
  4333 | D:3      | HP: 1/50 [orc/+0 mace (4)]
  4947 | D:3      | Your scales start taking on an icy white colour.
  4947 | D:3      | Reached XP level 7. HP: 45/57 MP: 1/13
  4947 | D:3      | Gained mutation: Your flesh is cold resistant. (rC+) [White
                  | Draconian growth]
  5129 | D:2      | Killed Crazy Yiuf
  6067 | D:4      | Reached skill level 5 in Spellcasting
  6553 | D:5      | Entered Level 5 of the Dungeon
  6751 | D:5      | Found a staircase to the Ecumenical Temple.
  6773 | D:5      | Noticed Blork the orc
  6784 | D:5      | Killed Blork the orc
  6819 | Temple   | Entered the Ecumenical Temple
  6940 | Temple   | Became a worshipper of Vehumet
  7212 | D:5      | Reached XP level 8. HP: 66/66 MP: 10/16
  7315 | D:5      | Found a basalt altar of Yredelemnul.
  7625 | D:6      | Slain by an orc warrior

Skill      XL: |  1  2  3  4  5  6  7 |
---------------+----------------------+-----
Stealth        | 2 3 |  3.0
Fighting       | 1 2 3 4 |  4.0
Spellcasting   | 3 4 5 |  5.6
Conjurations   | 2 3 |  3.9
Air Magic      | 4 |  4.9
Dodging        | |  1.7

Action                   |  1- 3 |  4- 6 |  7- 9 || total
-------------------------+-------+-------+-------++-------
Melee: Unarmed           |    24 |       |       ||    24
       Club              |    11 |       |       ||    11
       Tailslap          |    12 |     4 |     1 ||    17
       Short sword       |    27 |    70 |       ||    97
       Quarterstaff      |       |       |    10 ||    10
 Cast: Shock             |    63 |   141 |    98 ||   302
       Static Discharge  |       |     7 |    13 ||    20
       Swiftness         |       |     1 |       ||     1
  Eat: Chunk             |     3 |     8 |     5 ||    16
       Ration            |       |     1 |     1 ||     2
Armor: Skin              |    15 |    30 |     3 ||    48
Dodge: Dodged            |    46 |    71 |    32 ||   149
